 Dungeon Crawl Stone Soup version 0.29-a0-870-g2c972031a6 (webtiles) character file.

Game seed: 8454677896907278617

407 Nato the Changer (level 6, -13/42 HPs)
             Began as an Octopode Transmuter on July 17, 2022.
             Mangled by a gnoll
             ... wielding a +1 whip of electrocution
             ... led by a gnoll sergeant
              (20 damage)
             ... on level 5 of the Dungeon.
             The game lasted 00:11:46 (4665 turns).

Nato the Changer (Octopode Transmuter)              Turns: 4665, Time: 00:11:50

Health: -13/42     AC:  1    Str: 10    XL:     6   Next: 88%
Magic:  6/9        EV: 13    Int: 17    God:
Gold:   235        SH: 10    Dex: 12    Spells: 3/9 levels left

rFire   . . .      SeeInvis .     - Unarmed
rCold   . . .      Faith    .   w - +2 buckler
rNeg    . . .      Spirit   .   (helmet currently unavailable)
rPois   +          Reflect  +   l - amulet of reflection
rElec   .          Harm     .   b - ring of willpower
rCorr   .          Rampage  .   v - ring of poison resistance
Will    +....                   (no ring)
Stlth   ++........              (no ring)
HPRegen 0.14/turn               (no ring)
MPRegen 0.11/turn               (no ring)
                                (no ring)
                                (no ring)

@: appendages, wereblooded
A: tentacle spike 3, almost no armour, amphibious, 8 rings, camouflage 1,
gelatinous body 1, (nimble swimmer 1), tentacles
a: End Transformation


You were on level 5 of the Dungeon.
One of your tentacles had grown a beastly spike.
You visited 1 branch of the dungeon, and saw 6 of its levels.

You collected 235 gold pieces.

Inventory:

Armour
 w - a +2 buckler (worn)
Jewellery
 b - a ring of willpower (left tentacle)
 l - an amulet of reflection (around mantle)
 v - a ring of poison resistance (right tentacle)
Scrolls
 c - a scroll of blinking {unknown}
 d - 6 scrolls of identify {unknown}
 h - 3 scrolls of noise {unknown}
 i - a scroll of teleportation {unknown}
 m - a scroll of brand weapon {unknown}
 n - a scroll of torment {unknown}
 o - 3 scrolls of enchant armour {unknown}
 p - 2 scrolls of immolation
 r - a scroll of fear {unknown}
 s - 2 scrolls of vulnerability {unknown}
 t - a scroll of poison {unknown}
 u - a scroll of summoning {unknown}
 x - a scroll of magic mapping {unknown}
Potions
 a - 4 potions of lignification
 e - a potion of ambrosia {unknown}
 f - 2 potions of cancellation {unknown}
 g - 4 potions of curing {unknown}
 j - 2 potions of might {unknown}
 k - 3 potions of haste {unknown}
 q - 3 potions of mutation {unknown}


   Skills:
 + Level 3.0 Fighting
 + Level 3.5 Dodging
 + Level 4.3 Unarmed Combat
 - Level 2.0 Spellcasting
 * Level 4.5 Transmutations
 - Level 1.0 Poison Magic


You had 3 spell levels left.
You knew the following spells:

 Your Spells              Type           Power      Damage    Failure   Level
a - Beastly Appendage     Tmut           34%        N/A       4%          1
b - Wereblood             Tmut           17%        N/A       6%          2
c - Spider Form           Tmut/Pois      11%        N/A       26%         3

Your spell library contained the following spells:

 Spells                   Type           Power      Damage    Failure   Level
 Ice Form                 Ice/Tmut       9%         N/A       71%         4


Dungeon Overview and Level Annotations

Branches:
Dungeon (6/15)
 Temple: D:4-7

Altars:
Xom


Innate Abilities, Weirdness & Mutations

One of your tentacles has grown a beastly spike.
You cannot wear most types of armour.
You are amphibious.
You can wear up to eight rings at the same time.
Your skin changes colour to match your surroundings (Stealth+).
Your rubbery body absorbs attacks. (AC +1, EV +1)
((You are camouflaged when in or above water. (Stealth+)))
You have tentacles for arms and can constrict up to eight enemies at once.


Message History

You hear a shout! x2
A gnoll comes into view. It is wielding a +0 spear.
Items here: ! )) ††.
A gnoll comes into view.
It is wielding a +1 whip of electrocution.
You block the gnoll's attack.
The gnoll hits you from afar with a +0 spear!
You tentacle-slap the gnoll. You grab the gnoll.
You pierce the gnoll.
You squeeze the gnoll.
The gnoll is severely wounded.
You constrict the gnoll. You block the gnoll's attack. x2
You tentacle-slap the gnoll.
You pierce the gnoll.
You feel a bit better.
You kill the gnoll!
An orc comes into view. It is wielding a +0 flail.
The gnoll hits you from afar with a +0 spear.
Found a piece from Xom's chessboard (15/15).
Found a shimmering altar of Xom.
The gnoll sergeant barely misses you. The gnoll hits you with a +0 spear.
You see here a +0 spear.
You tentacle-slap the gnoll. You grab the gnoll. You squeeze the gnoll.
The gnoll is heavily wounded.
You constrict the gnoll, but do no damage.
You block the gnoll sergeant's attack. The gnoll closely misses you.
You bludgeon the gnoll!
You feel a bit better.
You kill the gnoll!
You block the gnoll sergeant's attack.
Training target 1.0 for Poison Magic reached!
Your Poison Magic skill increases to level 1!
You tentacle-slap the gnoll. Your grab misses the gnoll.
Your squeeze misses the gnoll.
The gnoll is heavily wounded.
You block the gnoll's attack.
The gnoll sergeant hits you from afar with a +0 spear!
You barely miss the gnoll. You grab the gnoll.
You pierce the gnoll.
The gnoll is heavily wounded.
You constrict the gnoll.
The gnoll sergeant hits you from afar with a +0 spear!
The gnoll hits you with a +1 whip of electrocution!
* * * LOW HITPOINT WARNING * * *
You are electrocuted!!
You die...

######[..# .# ...
##.#.#. .. #.#
#...... #.##.#
#..#.#. ....#
#.#...# _.o######
##.##.## .g.
....###...#.## #g#
#.......#....# #@#
#.#####....#.# #.#
#.# ##.....#
#.###.# #....(.
#.)...######.....#
#####.>...........
#.############ #.#
..# ####


You could see a gnoll sergeant, a gnoll and an orc.

Vanquished Creatures
  A phantom (D:4)
  A necrophage (D:3)
  A hound (D:5)
  An iguana (D:5)
  4 gnolls (D:5)
  10 adders
  3 worms
  A dart slug (D:3)
  The ghost of nxtlvl the Ducker, a weakling DEMo (D:3)
  4 orcs
  8 ball pythons
  7 endoplasms
  A giant cockroach (D:3)
  8 hobgoblins
  6 jackals
  4 quokkas
  4 bats
  A frilled lizard (D:1)
  6 goblins
  6 kobolds
  4 rats
82 creatures vanquished.

Notes
Turn   | Place    | Note
-------+----------+-------------------------------------------
     0 | D:1      | Nato the Octopode Transmuter began the quest for the Orb.
     0 | D:1      | Reached XP level 1. HP: 13/13 MP: 3/3
   120 | D:1      | Reached XP level 2. HP: 18/18 MP: 3/5
   723 | D:2      | Found a faded altar of an unknown god.
   978 | D:2      | Reached XP level 3. HP: 22/23 MP: 6/6
  1607 | D:2      | Reached XP level 4. HP: 26/29 MP: 7/7
  1898 | D:2      | Identified the +2 ring mail of Moef {rC+++ rN+ Str-4 Dex-4}
  1940 | D:2      | Learned a level 2 spell: Wereblood
  2436 | D:3      | Found a runed translucent door.
  2441 | D:3      | Noticed nxtlvl's ghost (weakling DEMo)
  2482 | D:3      | You fall into a shaft and drop 3 floors!
  2509 | D:6      | Noticed a necrophage
  2517 | D:5      | Entered Level 5 of the Dungeon
  2581 | D:3      | Noticed a necrophage
  2593 | D:3      | Killed a necrophage
  2594 | D:3      | Reached XP level 5. HP: 31/35 MP: 4/8
  2967 | D:3      | Identified the +1 long sword "Veni" {freeze, rElec rF-
                  | Dex+4}
  2981 | D:3      | Killed nxtlvl's ghost
  3905 | D:4      | Reached XP level 6. HP: 41/41 MP: 4/9
  4081 | D:4      | Learned a level 3 spell: Spider Form
  4661 | D:5      | Found a shimmering altar of Xom.
  4664 | D:5      | Reached skill level 1 in Poison Magic
  4665 | D:5      | Mangled by a gnoll

Illustrated notes

Levels and vault maps discovered:
D:1:      wander_arrival_fairy_ring, layout_basic
D:2:      layout_rooms, nicolae_ecumenical_snake_handling, serial_forest,
          infiniplex_forest_zigzag_2, infiniplex_forest_fountain,
          infiniplex_forest_straight_4, infiniplex_forest_lined_room_3,
          infiniplex_forest_zigzag_1, infiniplex_forest_lined_corner,
          infiniplex_forest_lined_3
D:3:      layout_basic, ebering_ghost_inner_flame
D:4:      layout_cave_pools, kennysheep_big_empty_room
D:5:      layout_loops_ring, xom_butterflies, serial_shops, shop
D:6:      layout_loops_ring, grunt_temple_overflow_open, serial_bayou_pond_a,
          amcnicky_mini_corridor_feature, wad_floor_pattern_1,
          grunt_ministairs_6

Skill      XL: |  1  2  3  4  5  6 |
---------------+-------------------+-----
Transmutations | 3 4 |  4.5
Fighting       | 2 3 |  3.0
Dodging        | 3 |  3.5
Unarmed Combat | 4 |  4.3
Poison Magic   | 1 |  1.0
Spellcasting   | |  2.0

Action                   |  1- 3 |  4- 6 || total
-------------------------+-------+-------++-------
Melee: Unarmed           |    81 |   142 ||   223
       Kick              |    13 |    40 ||    53
       Constrict         |    21 |    34 ||    55
       Tentacles         |     9 |    22 ||    31
       Punch             |     1 |     8 ||     9
 Cast: Beastly Appendage |    14 |    24 ||    38
       Wereblood         |       |     8 ||     8
 Stab: Sleeping          |     5 |     5 ||    10
Armor: Skin              |     6 |     6 ||    12
Dodge: Dodged            |    57 |    52 ||   109
Block: Other             |       |    17 ||    17
       Buckler           |       |    16 ||    16

Table legend: (Time is in decaauts)
 A = Elapsed time spent in this place.
 B = Non-inter-level travel time spent in this place.
 C = Inter-level travel time spent in this place.
 D = Time resting spent in this place.
 E = Time spent auto-exploring this place.
 F = Levels seen in this place.
 G = Mean time per level.
                   A        B        C        D        E       F      G
               +--------+--------+--------+--------+--------+-----+--------+
         Total |   4650 |   4540 |    110 |   1390 |   2435 |   6 |  775.0 |
       Dungeon |   4650 |   4540 |    110 |   1390 |   2435 |   6 |  775.0 |
               +--------+--------+--------+--------+--------+-----+--------+

Top non-repeatable levels by time:
     D:4: 1243 daAuts
     D:3: 1133 daAuts
     D:2: 1038 daAuts
     D:1: 897 daAuts
     D:5: 303 daAuts
     D:6: 34 daAuts
